3L
CHICAGO HAWKS @ DETROIT RENAISSANCE
09/02/2030
 
TOP OF THE 1ST
Chicago Hawks batting - Pitching for Detroit Renaissance : RHP Ryan Bentley
Pitching: RHP Ryan Bentley
Batting: LHB Jeff Simpson 0-0: Ball
1-0: Ball
2-0: Swinging Strike
2-1: Foul Ball, location: 2F
2-2: DOUBLE (Line Drive, 9LM) - OUT at third base trying to stretch hit.
Batting: LHB Curt Wilson 0-0: Called Strike
0-1: Called Strike
0-2: Ball
1-2: Strikes out looking
Batting: RHB Paddy Hodnett 0-0: Called Strike
0-1: Ball
1-1: Swinging Strike
1-2: Ball
2-2: Ground out 5-3 (Groundball, 56S)
Top of the 1st over - 0 runs, 1 hit, 0 errors, 0 left on base; Chicago 0 - Detroit 0
BOTTOM OF THE 1ST
Detroit Renaissance batting - Pitching for Chicago Hawks : RHP Stanley Eldrige
Pitching: RHP Stanley Eldrige
Batting: RHB Steve Irwin 0-0: Called Strike
0-1: Ball
1-1: Foul Ball, location: 2F
1-2: Ball
2-2: Ball
3-2: Base on Balls
Batting: RHB Won-min Yi 0-0: Foul Ball, location: 2F
0-1: Called Strike
0-2: Foul Ball, location: 2F
0-2: Ball
1-2: Foul Ball, location: 2F
1-2: Foul Ball, location: 2F
1-2: Ball
2-2: Ball
3-2: Fly out, F4 (Line Drive, 34)
Batting: RHB Eric D'Angle 0-0: Called Strike
0-1: Ball
1-1: Ball
2-1: Fly out, F8 (Flyball, 89D)
Batting: LHB Eric Thackston 0-0: Called Strike
0-1: Ball
1-1: Called Strike
1-2: Foul Ball, location: 2F
1-2: Ball
2-2: Foul Ball, location: 2F
2-2: Foul Ball, location: 2F
2-2: Ball
3-2: Ground out 4-3 (Groundball, 4)
Bottom of the 1st over - 0 runs, 0 hits, 0 errors, 1 left on base; Chicago 0 - Detroit 0
TOP OF THE 2ND
Chicago Hawks batting - Pitching for Detroit Renaissance : RHP Ryan Bentley
Batting: LHB Scott Janousek 0-0: Called Strike
0-1: Hit by Pitch
Batting: RHB Jack Head 0-0: Ball
1-0: Ball
2-0: Swinging Strike
2-1: Swinging Strike
2-2: Ball
3-2: Strikes out looking
Batting: RHB Reg Spiers 0-0: Foul Ball, location: 2F
0-1: Fly out, F9 (Flyball, 89D)
Batting: RHB Tevin McTevin 0-0: Swinging Strike
0-1: Reached on error, E9 (Flyball, 9D)
Scott Janousek to third
Batting: LHB Perry Bothof 0-0: Called Strike
0-1: Ball
1-1: Ball
2-1: Foul Ball, location: 2F
2-2: Ground out U3 (Groundball, 3)
Top of the 2nd over - 0 runs, 0 hits, 1 error, 2 left on base; Chicago 0 - Detroit 0
BOTTOM OF THE 2ND
Detroit Renaissance batting - Pitching for Chicago Hawks : RHP Stanley Eldrige
Batting: LHB Lance Antle 0-0: Ball
1-0: Fly out, F7 (Flyball, 7)
Batting: LHB Elian Gonzalez 0-0: SINGLE (Groundball, 34D)
Batting: LHB Alexis Raimbault 0-0: Ball
1-0: Ball
Elian Gonzalez steals 2nd base
2-0: Ball
3-0: Base on Balls
Batting: RHB Mike Thompson 0-0: Called Strike
0-1: Ball
1-1: Grounds into double play, 6-4-3 (Groundball, 6)
Bottom of the 2nd over - 0 runs, 1 hit, 0 errors, 1 left on base; Chicago 0 - Detroit 0
TOP OF THE 3RD
Chicago Hawks batting - Pitching for Detroit Renaissance : RHP Ryan Bentley
Batting: RHB Vincente Rotham 0-0: Swinging Strike
0-1: Swinging Strike
0-2: SINGLE (Groundball, 34D)
Batting: LHB Jeff Simpson 0-0: Called Strike
0-1: Foul Ball, location: 2F
0-2: Strikes out looking
Batting: LHB Curt Wilson 0-0: Ball
1-0: Called Strike
1-1: SINGLE (Line Drive, 34D)
Vincente Rotham to second
Runner from 2nd tries for 3rd, SAFE, no throw
Batting: RHB Paddy Hodnett 0-0: Ball
1-0: Swinging Strike
1-1: Called Strike
1-2: SINGLE (Groundball, 56S) (infield hit)
Vincente Rotham scores
Curt Wilson to second
Batting: LHB Scott Janousek 0-0: Called Strike
0-1: Foul Ball, location: 2F
0-2: Foul Ball, location: 2F
0-2: Hit by Pitch
Curt Wilson to third
Paddy Hodnett to second
Batting: RHB Jack Head 0-0: Foul Ball, location: 2F
0-1: Swinging Strike
0-2: Strikes out swinging
Batting: RHB Reg Spiers 0-0: Ball
1-0: Ball
2-0: Swinging Strike
2-1: Called Strike
2-2: Fielders Choice at 2nd, 6-4 (Groundball, 56)
Top of the 3rd over - 1 run, 3 hits, 0 errors, 3 left on base; Chicago 1 - Detroit 0
BOTTOM OF THE 3RD
Detroit Renaissance batting - Pitching for Chicago Hawks : RHP Carlos Garza
Pitching: RHP Carlos Garza
Batting: RHB Sixto Estrada 0-0: Ball
1-0: Ball
2-0: Called Strike
2-1: Called Strike
2-2: Foul Ball, location: 2F
2-2: Foul Ball, location: 2F
2-2: Foul Ball, location: 2F
2-2: TRIPLE (Line Drive, 89XD)
Batting: RHB Steve Irwin 0-0: Ball
1-0: Called Strike
1-1: SINGLE (Groundball, 6) (infield hit)
Sixto Estrada scores
Batting: RHB Won-min Yi 0-0: Called Strike
0-1: Ball
1-1: DOUBLE (Flyball, 89D)
Steve Irwin to third
Runner from 3rd tries for Home, SAFE, throw made at trailing runner, OUT at third!
Batting: RHB Eric D'Angle 0-0: Swinging Strike
0-1: Ball
1-1: SINGLE (Groundball, 56D)
Batting: LHB Eric Thackston 0-0: Ball
1-0: Ball
2-0: Called Strike
2-1: DOUBLE (Groundball, 3L)
Eric D'Angle to third
Batting: LHB Lance Antle 0-0: Called Strike
0-1: Ground out 1-3 (Groundball, 13)
Batting: LHB Elian Gonzalez 0-0: Called Strike
0-1: Called Strike
0-2: Strikes out looking
Bottom of the 3rd over - 2 runs, 5 hits, 0 errors, 2 left on base; Chicago 1 - Detroit 2
TOP OF THE 4TH
Chicago Hawks batting - Pitching for Detroit Renaissance : RHP Ryan Bentley
Batting: RHB Tevin McTevin 0-0: Ball
1-0: Called Strike
1-1: Foul Ball, location: 2F
1-2: Ball
2-2: Fly out, F4 (Popup, 23)
Batting: LHB Perry Bothof 0-0: Ball
1-0: Ball
2-0: Called Strike
2-1: Ball
3-1: Called Strike
3-2: Foul Ball, location: 2F
3-2: Strikes out swinging
Batting: RHB Vincente Rotham 0-0: Ball
1-0: Ground out 5-3 (Groundball, 56)
Top of the 4th over - 0 runs, 0 hits, 0 errors, 0 left on base; Chicago 1 - Detroit 2
BOTTOM OF THE 4TH
Detroit Renaissance batting - Pitching for Chicago Hawks : RHP Carlos Garza
Batting: LHB Alexis Raimbault 0-0: Ground out U3 (Groundball, 34)
Batting: RHB Mike Thompson 0-0: Ground out U3 (Groundball, 2R)
Batting: RHB Sixto Estrada 0-0: Swinging Strike
0-1: Foul Ball, location: 2F
0-2: Ball
1-2: Foul Ball, location: 2F
1-2: Strikes out swinging
Bottom of the 4th over - 0 runs, 0 hits, 0 errors, 0 left on base; Chicago 1 - Detroit 2
TOP OF THE 5TH
Chicago Hawks batting - Pitching for Detroit Renaissance : RHP Ryan Bentley
Batting: LHB Jeff Simpson 0-0: Ground out 3-1 (Groundball, 34)
Batting: LHB Curt Wilson 0-0: Called Strike
0-1: Ball
1-1: Ball
2-1: Foul Ball, location: 2F
2-2: Ball
3-2: Strikes out looking
Batting: RHB Paddy Hodnett 0-0: Fly out, F7 (Flyball, 78S)
Top of the 5th over - 0 runs, 0 hits, 0 errors, 0 left on base; Chicago 1 - Detroit 2
BOTTOM OF THE 5TH
Detroit Renaissance batting - Pitching for Chicago Hawks : RHP Carlos Garza
Batting: RHB Steve Irwin 0-0: Ground out 6-3 (Groundball, 6)
Batting: RHB Won-min Yi 0-0: Called Strike
0-1: Ball
1-1: Called Strike
1-2: Ground out 5-3 (Groundball, 5L)
Batting: RHB Eric D'Angle 0-0: Ball
1-0: Ball
2-0: Ball
3-0: Called Strike
3-1: Ground out 1-3 (Groundball, 15)
Bottom of the 5th over - 0 runs, 0 hits, 0 errors, 0 left on base; Chicago 1 - Detroit 2
TOP OF THE 6TH
Chicago Hawks batting - Pitching for Detroit Renaissance : RHP Ryan Bentley
Batting: LHB Scott Janousek 0-0: Called Strike
0-1: Ball
1-1: Called Strike
1-2: Ball
2-2: Strikes out looking
Batting: RHB Jack Head 0-0: Ball
1-0: Called Strike
1-1: Ball
2-1: Foul Ball, location: 2F
2-2: Ball
3-2: Foul Ball, location: 2F
3-2: Foul Ball, location: 2F
3-2: Strikes out swinging
Batting: RHB Reg Spiers 0-0: Swinging Strike
0-1: Ball
1-1: Foul Ball, location: 2F
1-2: Strikes out swinging
Top of the 6th over - 0 runs, 0 hits, 0 errors, 0 left on base; Chicago 1 - Detroit 2
BOTTOM OF THE 6TH
Detroit Renaissance batting - Pitching for Chicago Hawks : RHP Carlos Garza
Pitching: RHP Johnny Allen
Batting: LHB Eric Thackston 0-0: Called Strike
0-1: Foul Ball, location: 2F
0-2: Ball
1-2: Ground out 4-3 (Groundball, 4)
Batting: LHB Lance Antle 0-0: Called Strike
0-1: Foul Ball, location: 2F
0-2: Ball
1-2: Foul Ball, location: 2F
1-2: Ball
2-2: Foul Ball, location: 2F
2-2: Ball
3-2: SINGLE (Groundball, 34D)
Batting: LHB Elian Gonzalez 0-0: Ball
1-0: Ball
2-0: Called Strike
2-1: Foul Ball, location: 2F
2-2: Strikes out swinging
Batting: LHB Alexis Raimbault 0-0: Ball
1-0: Called Strike
1-1: Foul Ball, location: 2F
1-2: Ground out U3 (Groundball, 3L)
Bottom of the 6th over - 0 runs, 1 hit, 0 errors, 1 left on base; Chicago 1 - Detroit 2
TOP OF THE 7TH
Chicago Hawks batting - Pitching for Detroit Renaissance : RHP Ryan Bentley
Batting: RHB Tevin McTevin 0-0: Foul Ball, location: 2F
0-1: Called Strike
0-2: Ball
1-2: Ball
2-2: Strikes out swinging
Batting: LHB Perry Bothof 0-0: Foul Ball, location: 2F
0-1: Foul Ball, location: 2F
0-2: Ball
1-2: Foul Ball, location: 2F
1-2: Foul Ball, location: 2F
1-2: Ball
2-2: Strikes out looking
Batting: RHB Vincente Rotham 0-0: Called Strike
0-1: Foul Ball, location: 2F
0-2: Ball
1-2: SINGLE (Groundball, 56D)
Batting: LHB Jeff Simpson 0-0: Ball
Vincente Rotham steals 2nd base
1-0: Fly out, F9 (Flyball, 9S)
Top of the 7th over - 0 runs, 1 hit, 0 errors, 1 left on base; Chicago 1 - Detroit 2
BOTTOM OF THE 7TH
Detroit Renaissance batting - Pitching for Chicago Hawks : RHP Johnny Allen
Pitching: LHP Travis Grant
Batting: RHB Mike Thompson 0-0: SINGLE (Line Drive, 4D)
Batting: RHB Sixto Estrada 0-0: Ball
1-0: Called Strike
1-1: Called Strike
1-2: Ball
2-2: Foul Ball, location: 2F
2-2: Ball
3-2: DOUBLE (Line Drive, 9LD)
Mike Thompson to third
Batting: RHB Steve Irwin 0-0: Fly out, F8 (Flyball, 8RM)
Runner from 3rd tags up, OUT at HOME
Sixto Estrada to third
Batting: RHB Won-min Yi 0-0: Fly out, F8 (Flyball, 8RM)
Bottom of the 7th over - 0 runs, 2 hits, 0 errors, 1 left on base; Chicago 1 - Detroit 2
TOP OF THE 8TH
Chicago Hawks batting - Pitching for Detroit Renaissance : RHP Ryan Bentley
Batting: LHB Curt Wilson 0-0: Ball
1-0: Swinging Strike
1-1: Ball
2-1: Foul Ball, location: 2F
2-2: Strikes out swinging
Batting: RHB Paddy Hodnett 0-0: Foul Ball, location: 2F
0-1: Ball
1-1: Ball
2-1: Ball
3-1: Ground out 6-3 (Groundball, 6)
Batting: LHB Scott Janousek 0-0: Ball
1-0: Swinging Strike
1-1: Swinging Strike
1-2: Ball
2-2: Foul Ball, location: 2F
2-2: SINGLE (Groundball, 15S) (infield hit)
Pitching: RHP Jimmy O'Flahavan
Batting: RHB Jack Head 0-0: Ball
1-0: Foul Ball, location: 2F
1-1: Called Strike
1-2: Foul Ball, location: 2F
1-2: Strikes out swinging
Top of the 8th over - 0 runs, 1 hit, 0 errors, 1 left on base; Chicago 1 - Detroit 2
BOTTOM OF THE 8TH
Detroit Renaissance batting - Pitching for Chicago Hawks : LHP Travis Grant
Batting: RHB Eric D'Angle 0-0: Ball
1-0: Called Strike
1-1: Called Strike
1-2: Ball
2-2: Fly out, F6 (Popup, 6MD)
Batting: LHB Eric Thackston 0-0: Called Strike
0-1: Ground out 4-3 (Groundball, 4)
Batting: LHB Lance Antle 0-0: Foul Ball, location: 2F
0-1: DOUBLE (Line Drive, 5D)
Pinch Hitting: RHB Roberto Hernández 0-0: Ball
1-0: Called Strike
1-1: Called Strike
1-2: Strikes out swinging
Bottom of the 8th over - 0 runs, 1 hit, 0 errors, 1 left on base; Chicago 1 - Detroit 2
TOP OF THE 9TH
Chicago Hawks batting - Pitching for Detroit Renaissance : RHP Jimmy O'Flahavan
Now at SS: Takashi Miike
Batting: RHB Reg Spiers 0-0: Swinging Strike
0-1: Called Strike
0-2: Foul Ball, location: 2F
0-2: Foul Ball, location: 2F
0-2: Ball
1-2: Ball
2-2: Foul Ball, location: 2F
2-2: Ground out 1-3 (Groundball, P)
Batting: RHB Tevin McTevin 0-0: Ball
1-0: Foul Ball, location: 2F
1-1: Ball
2-1: Ground out 4-3 (Groundball, 4)
Pinch Hitting: LHB Raúl Aguirre 0-0: Ground out 4-3 (Groundball, 4)
Top of the 9th over - 0 runs, 0 hits, 0 errors, 0 left on base; Chicago 1 - Detroit 2
Sunday, March 18th, 2018 - OOTP Baseball 18.8 Build 76